Map: King's Cove LE

Players

Mez

  • Race: Terran Terran
  • League: Master
  • Spawn Location: 5:00

Voltage - Winner!

  • Race: Zerg Zerg
  • League: Master
  • Spawn Location: 11:00

VOD

Have the link to the VOD?

Description

Time

  • Played on: Aug. 11, 2019, 3:25 p.m.
  • Length: 4:46
Show
View Real Time Build Order
Export as new Build Order

Mez Terran 

Build Orders: Liberator Opening, Reaper Expand 

Get SALT Encoding   

  12  0:00  SCV  
  13  0:13  SCV  
  14  0:20  Supply Depot  
  14  0:25  SCV  
  15  0:41  SCV  
  16  0:46  Barracks  
  16  0:49  Refinery  
  16  0:53  SCV  
  17  1:05  SCV  
  18  1:17  SCV  
  19  1:33  Orbital Command  
  19  1:34  Reaper  
  20  1:44  Command Center  
  20  1:52  Supply Depot  
  20  2:00  SCV  
  21  2:07  Marine  
  22  2:13  SCV  
  23  2:16  Factory  
  23  2:21  Refinery  
  23  2:28  Barracks Reactor  
  23  2:29  SCV  
  23  2:46  SCV  
  24  2:58  Orbital Command  
  24  3:03  Starport  
  23  3:14  SCV  
  23  3:18  Supply Depot  
  23  3:19  Hellion x2  
  28  3:23  Marine  
  29  3:28  SCV  
  29  3:29  SCV  
  30  3:36  Liberator  
  30  3:40  SCV  
  31  3:41  SCV  
  31  3:43  Hellion  
  31  3:46  Hellion, Barracks Tech Lab  
  36  3:52  SCV  
  36  3:53  SCV  
  41  4:04  SCV  
  41  4:05  Hellion, SCV  
  43  4:13  Widow Mine  
Show
View Real Time Build Order
Export as new Build Order

Voltage Zerg - Winner!

Build Orders: Hatch First 

Get SALT Encoding   

  12  0:00  Drone  
  13  0:14  Overlord  
  13  0:18  Drone  
  14  0:32  Drone x2  
  16  0:37  Drone  
  17  0:52  Hatchery  
  16  1:07  Spawning Pool  
  16  1:09  Drone  
  16  1:13  Extractor  
  16  1:18  Drone x2  
  17  1:23  Drone  
  18  1:31  Drone  
  19  1:44  Drone  
  20  1:55  Queen  
  22  2:05  Zergling x2  
  22  2:07  Queen  
  25  2:10  Drone x2  
  25  2:14  Metabolic Boost  
  27  2:23  Roach Warren  
  26  2:37  Spore Crawler  
  26  2:41  Extractor  
  26  2:43  Extractor  
  23  2:51  Overlord x2  
  26  3:09  Spore Crawler  
  25  3:15  Overlord  
  25  3:17  Roach x7  
  41  3:34  Roach  
  41  3:35  Zergling x8  
  44  3:48  Zergling x6  
  44  3:49  Zergling x4  
  44  3:51  Zergling x2  
  50  3:58  Zergling x2  
  50  4:02  Overlord  
  51  4:05  Zergling x2  
Tags
 
Add a new tag
Caveats
  • Supply blocks, unpowered buildings, or Contaminate may cause inaccurate times.
  • Supply counts are checked every 10 seconds.